TOP OF THE 1ST |
Mancelona Torch batting - Pitching for Hammond Herons : LHP Francisco Gonsáles
|
Pitching: LHP Francisco Gonsáles
|
|
Batting: RHB Henry Lambright
|
0-0: Ball 1-0: SINGLE (Groundball, 6M)
|
Batting: RHB Raúl Ruíz
|
0-0: Ball 1-0: Fly out, F8 (Flyball, 8LM)
|
Batting: RHB Juan Carlos Cruz
|
0-0: SINGLE (Line Drive, 6MD) Henry Lambright to second
|
Batting: RHB Bert Cook
|
0-0: Ball 1-0: Foul Ball, location: 2F 1-1: Foul Ball, location: 2F 1-2: Ball 2-2: Ball 3-2: Fly out, F8 (Flyball, 8RS)
|
Batting: RHB Jim Unknown
|
0-0: Ball 1-0: Called Strike 1-1: Swinging Strike 1-2: Fly out, F7 (Flyball, 7S)
|
Top of the 1st over - 0 run(s), 2 hit(s), 0 error(s), 2 left on base; Mancelona 0 - Hammond 0 |
BOTTOM OF THE 1ST |
Hammond Herons batting - Pitching for Mancelona Torch : RHP Pedro Núñez
|
Pitching: RHP Pedro Núñez
|
|
Batting: LHB Juan Villanueva
|
0-0: Fly out, F9 (Flyball, 89S)
|
Batting: RHB Sancho Romero
|
0-0: Ball 1-0: Foul Ball, location: 2F 1-1: Ball 2-1: Ball 3-1: Ground out 3-1 (Groundball, 34)
|
Batting: RHB Edward Payne
|
0-0: Ball 1-0: Foul Ball, location: 2F 1-1: Foul Ball, location: 2F 1-2: Fly out, F7 (Flyball, 78M)
|
Bottom of the 1st over - 0 run(s), 0 hit(s), 0 error(s), 0 left on base; Mancelona 0 - Hammond 0 |
TOP OF THE 2ND |
Mancelona Torch batting - Pitching for Hammond Herons : LHP Francisco Gonsáles
|
Batting: LHB José Hernández
|
0-0: Foul Ball, location: 2F 0-1: Swinging Strike 0-2: Strikes out looking
|
Pitching: LHP Guus Ketting
|
|
Batting: RHB Freddy Carea
|
0-0: Ball 1-0: Ball 2-0: Ball 3-0: Base on Balls
|
Batting: RHB Juan Báez
|
0-0: Ball 1-0: Ball 2-0: Grounds into double play, 6-4-3 (Groundball, 6)
|
Top of the 2nd over - 0 run(s), 0 hit(s), 0 error(s), 0 left on base; Mancelona 0 - Hammond 0 |
BOTTOM OF THE 2ND |
Hammond Herons batting - Pitching for Mancelona Torch : RHP Pedro Núñez
|
Batting: RHB Scott Zijm
|
0-0: Swinging Strike 0-1: Ball 1-1: Ground out 3-1 (Groundball, 34)
|
Batting: RHB Jorge Baker
|
0-0: Ball 1-0: Ball 2-0: Ball 3-0: Base on Balls
|
Batting: RHB Jimmy Dawson
|
0-0: Swinging Strike 0-1: Ball 1-1: Fly out, F5 (Popup, 56)
|
Batting: RHB José Trombelli
|
0-0: Called Strike 0-1: Called Strike 0-2: Fly out, F8 (Flyball, 8LM)
|
Bottom of the 2nd over - 0 run(s), 0 hit(s), 0 error(s), 1 left on base; Mancelona 0 - Hammond 0 |
TOP OF THE 3RD |
Mancelona Torch batting - Pitching for Hammond Herons : LHP Guus Ketting
|
Batting: RHB Jim Unknown
|
0-0: Ball 1-0: Ball 2-0: Called Strike 2-1: Swinging Strike 2-2: SINGLE (Line Drive, 89S)
|
Batting: RHB Henry Lambright
|
0-0: Ball 1-0: Ball 2-0: DOUBLE (Line Drive, 5L) Jim Unknown to third
|
Batting: RHB Raúl Ruíz
|
0-0: Ball 1-0: Called Strike 1-1: Swinging Strike 1-2: Strikes out looking
|
Batting: RHB Juan Carlos Cruz
|
0-0: Ball 1-0: Ball 2-0: Ball 3-0: Called Strike 3-1: Foul Ball, location: 2F 3-2: Base on Balls
|
Batting: RHB Bert Cook
|
0-0: Swinging Strike 0-1: Ball 1-1: SINGLE (Line Drive, 8RS) Jim Unknown scores Henry Lambright to third Juan Carlos Cruz to second
|
Batting: RHB Jim Unknown
|
0-0: Foul Ball, location: 2F 0-1: Called Strike 0-2: Ball 1-2: Grounds into double play, 5-4-3 (Groundball, 5)
|
Top of the 3rd over - 1 run(s), 3 hit(s), 0 error(s), 2 left on base; Mancelona 1 - Hammond 0 |
BOTTOM OF THE 3RD |
Hammond Herons batting - Pitching for Mancelona Torch : RHP Pedro Núñez
|
Batting: RHB Brian Soto
|
0-0: Called Strike 0-1: SINGLE (Groundball, 5L)
|
Pitching: LHP Jim Unknown
|
|
Batting: RHB Pancho Núñez
|
0-0: Called Strike 0-1: Ball 1-1: Foul Ball, location: 2F 1-2: Grounds into double play, 1-6-3 (Groundball, 13)
|
Batting: LHB Juan Villanueva
|
0-0: Called Strike 0-1: Fly out, F8 (Flyball, 8RM)
|
Bottom of the 3rd over - 0 run(s), 1 hit(s), 0 error(s), 0 left on base; Mancelona 1 - Hammond 0 |
TOP OF THE 4TH |
Mancelona Torch batting - Pitching for Hammond Herons : LHP Guus Ketting
|
Batting: LHB José Hernández
|
0-0: Swinging Strike 0-1: Ball 1-1: Ball 2-1: Foul Ball, location: 2F 2-2: Foul Ball, location: 2F 2-2: Strikes out looking
|
Batting: RHB Freddy Carea
|
0-0: Called Strike 0-1: Called Strike 0-2: Ball 1-2: Strikes out swinging
|
Batting: RHB Juan Báez
|
0-0: Swinging Strike 0-1: Foul Ball, location: 2F 0-2: SINGLE (Line Drive, 6)
|
Batting: RHB Jim Unknown
|
0-0: Ball Juan Báez steals 2nd base 1-0: Foul Ball, location: 2F 1-1: Ball 2-1: Ball 3-1: Swinging Strike 3-2: Foul Ball, location: 2F 3-2: Foul Ball, location: 2F 3-2: Strikes out swinging
|
Top of the 4th over - 0 run(s), 1 hit(s), 0 error(s), 1 left on base; Mancelona 1 - Hammond 0 |
BOTTOM OF THE 4TH |
Hammond Herons batting - Pitching for Mancelona Torch : LHP Jim Unknown
|
Batting: RHB Sancho Romero
|
0-0: Ball 1-0: Ball 2-0: Fly out, F4 (Popup, 34D)
|
Batting: RHB Edward Payne
|
0-0: Ball 1-0: Ball 2-0: Ball 3-0: Base on Balls
|
Batting: RHB Scott Zijm
|
0-0: Ball 1-0: SINGLE (Groundball, 34D) Edward Payne to second Runner from 2nd tries for 3rd, SAFE, throw made to third
|
Batting: RHB Jorge Baker
|
0-0: Ball 1-0: Swinging Strike 1-1: Ball 2-1: Ball Wild Pitch! Edward Payne scores Scott Zijm to second 3-1: Base on Balls
|
Batting: RHB Jimmy Dawson
|
0-0: Ball 1-0: Ball 2-0: Ball 3-0: Called Strike 3-1: Base on Balls Scott Zijm to third Jorge Baker to second
|
Batting: RHB José Trombelli
|
0-0: Called Strike 0-1: Ball 1-1: Ball 2-1: Swinging Strike 2-2: Foul Ball, location: 2F 2-2: Ball 3-2: Base on Balls Scott Zijm scores Jorge Baker to third Jimmy Dawson to second
|
Batting: RHB Brian Soto
|
0-0: SINGLE (Groundball, 5D) Jorge Baker scores Jimmy Dawson to third José Trombelli to second Runner from 3rd tries for Home, SAFE, throw made home
|
Pitching: RHP Jim Unknown
|
|
Batting: RHB Pancho Núñez
|
0-0: Called Strike 0-1: Ball 1-1: Called Strike 1-2: Foul Ball, location: 2F 1-2: Foul Ball, location: 2F 1-2: Ball 2-2: Strikes out swinging
|
Batting: LHB Juan Villanueva
|
0-0: Called Strike 0-1: Swinging Strike 0-2: Ground out 5-3 (Groundball, 56S)
|
Bottom of the 4th over - 4 run(s), 2 hit(s), 0 error(s), 2 left on base; Mancelona 1 - Hammond 4 |
TOP OF THE 5TH |
Mancelona Torch batting - Pitching for Hammond Herons : LHP Guus Ketting
|
Pitching: RHP Bill Beauregard
|
|
Batting: RHB Henry Lambright
|
0-0: Ball 1-0: SINGLE (Line Drive, 56D)
|
Batting: RHB Raúl Ruíz
|
0-0: Ball 1-0: Swinging Strike 1-1: Foul Ball, location: 2F 1-2: Strikes out swinging
|
Batting: RHB Juan Carlos Cruz
|
Pickoff Throw to First - Out! 0-0: Called Strike 0-1: Foul Ball, location: 2F 0-2: Foul Ball, location: 2F 0-2: Ball 1-2: Foul Ball, location: 2F 1-2: Strikes out looking
|
Top of the 5th over - 0 run(s), 1 hit(s), 0 error(s), 0 left on base; Mancelona 1 - Hammond 4 |
BOTTOM OF THE 5TH |
Hammond Herons batting - Pitching for Mancelona Torch : RHP Jim Unknown
|
Batting: RHB Sancho Romero
|
0-0: Ball 1-0: Called Strike 1-1: Foul Ball, location: 2F 1-2: Fly out, F5 (Line Drive, 5)
|
Batting: RHB Edward Payne
|
0-0: Fly out, F7 (Flyball, 78S)
|
Batting: RHB Scott Zijm
|
0-0: Ball 1-0: Ball 2-0: Called Strike 2-1: Swinging Strike 2-2: Strikes out swinging
|
Bottom of the 5th over - 0 run(s), 0 hit(s), 0 error(s), 0 left on base; Mancelona 1 - Hammond 4 |
TOP OF THE 6TH |
Mancelona Torch batting - Pitching for Hammond Herons : RHP Bill Beauregard
|
Batting: RHB Bert Cook
|
0-0: Ball 1-0: Called Strike 1-1: Called Strike 1-2: Ball 2-2: Strikes out swinging
|
Batting: RHB Jim Unknown
|
0-0: Ball 1-0: Foul Ball, location: 2F 1-1: Foul Ball, location: 2F 1-2: Ball 2-2: Ball 3-2: Base on Balls
|
Batting: LHB José Hernández
|
0-0: Foul Ball, location: 2F 0-1: Fly out, F8 (Flyball, 8LS)
|
Batting: RHB Freddy Carea
|
0-0: Ball 1-0: Ball 2-0: Ball 3-0: Called Strike 3-1: Fielders Choice at 2nd, 6-4 (Groundball, 6)
|
Top of the 6th over - 0 run(s), 0 hit(s), 0 error(s), 0 left on base; Mancelona 1 - Hammond 4 |
BOTTOM OF THE 6TH |
Hammond Herons batting - Pitching for Mancelona Torch : RHP Jim Unknown
|
Batting: RHB Jorge Baker
|
0-0: Fly out, F6 (Popup, 6M)
|
Batting: RHB Jimmy Dawson
|
0-0: Ball 1-0: Called Strike 1-1: Called Strike 1-2: Foul Ball, location: 2F 1-2: Ball 2-2: Foul Ball, location: 2F 2-2: Foul Ball, location: 2F 2-2: Strikes out swinging
|
Batting: RHB José Trombelli
|
0-0: Swinging Strike 0-1: Ball 1-1: Called Strike 1-2: Ground out 6-3 (Groundball, 6)
|
Bottom of the 6th over - 0 run(s), 0 hit(s), 0 error(s), 0 left on base; Mancelona 1 - Hammond 4 |
TOP OF THE 7TH |
Mancelona Torch batting - Pitching for Hammond Herons : RHP Bill Beauregard
|
Batting: RHB Juan Báez
|
0-0: Swinging Strike 0-1: Ball 1-1: Fly out, F9 (Flyball, 9D)
|
Batting: RHB Jim Unknown
|
0-0: Ball 1-0: Swinging Strike 1-1: Ball 2-1: Foul Ball, location: 2F 2-2: Ball 3-2: Base on Balls
|
Batting: RHB Henry Lambright
|
0-0: Ball 1-0: Ball 2-0: Foul Ball, location: 2F 2-1: Foul Ball, location: 2F 2-2: Ball 3-2: Foul Ball, location: 2F 3-2: Base on Balls Jim Unknown to second
|
Batting: RHB Raúl Ruíz
|
0-0: Called Strike 0-1: Fly out, F8 (Flyball, 89M)
|
Batting: RHB Juan Carlos Cruz
|
0-0: Swinging Strike 0-1: Called Strike 0-2: Ball 1-2: Ball 2-2: Strikes out looking
|
Top of the 7th over - 0 run(s), 0 hit(s), 0 error(s), 2 left on base; Mancelona 1 - Hammond 4 |
BOTTOM OF THE 7TH |
Hammond Herons batting - Pitching for Mancelona Torch : RHP Jim Unknown
|
Batting: RHB Brian Soto
|
0-0: Called Strike 0-1: Ball 1-1: SINGLE (Groundball, 6M)
|
Batting: RHB Pancho Núñez
|
0-0: Sac Bunt - play at first, batter OUT! 1-4 Brian Soto to second
|
Batting: LHB Juan Villanueva
|
0-0: Called Strike 0-1: Ball 1-1: Swinging Strike 1-2: Strikes out swinging
|
Batting: RHB Sancho Romero
|
0-0: Ball 1-0: Foul Ball, location: 2F 1-1: Foul Ball, location: 2F 1-2: Strikes out swinging
|
Bottom of the 7th over - 0 run(s), 1 hit(s), 0 error(s), 1 left on base; Mancelona 1 - Hammond 4 |
TOP OF THE 8TH |
Mancelona Torch batting - Pitching for Hammond Herons : RHP Bill Beauregard
|
Pitching: RHP Jorge Vázquez
|
|
Batting: RHB Bert Cook
|
0-0: Ball 1-0: Swinging Strike 1-1: Ball 2-1: Swinging Strike 2-2: Strikes out swinging
|
Batting: RHB Jim Unknown
|
0-0: Ball 1-0: Swinging Strike 1-1: Foul Ball, location: 2F 1-2: Strikes out swinging
|
Batting: LHB José Hernández
|
0-0: Ground out 6-3 (Groundball, 6)
|
Top of the 8th over - 0 run(s), 0 hit(s), 0 error(s), 0 left on base; Mancelona 1 - Hammond 4 |
BOTTOM OF THE 8TH |
Hammond Herons batting - Pitching for Mancelona Torch : RHP Jim Unknown
|
Batting: RHB Edward Payne
|
0-0: Ball 1-0: Ball 2-0: Called Strike 2-1: Foul Ball, location: 2F 2-2: Ball 3-2: SINGLE (Groundball, 6MD)
|
Pitching: RHP Jim Unknown
|
|
Batting: RHB Scott Zijm
|
0-0: Ball 1-0: Ball 2-0: Called Strike 2-1: Foul Ball, location: 2F 2-2: Foul Ball, location: 2F 2-2: Foul Ball, location: 2F 2-2: Foul Ball, location: 2F 2-2: Foul Ball, location: 2F 2-2: Ball 3-2: Base on Balls Edward Payne to second
|
Batting: RHB Jorge Baker
|
0-0: Ball 1-0: Called Strike 1-1: Foul Ball, location: 2F 1-2: Grounds into double play, 1-6-3 (Groundball, 25) Edward Payne to third
|
Batting: RHB Jimmy Dawson
|
0-0: Foul Ball, location: 2F 0-1: Ball 1-1: Ball 2-1: Called Strike 2-2: Foul Ball, location: 2F 2-2: Ball Error on foul ball, E2 3-2: SINGLE (Groundball, 3D) Edward Payne scores
|
Batting: RHB José Trombelli
|
0-0: Ball 1-0: Swinging Strike 1-1: 2-RUN HOME RUN (Flyball, 7D), Distance : 356 ft
|
Batting: RHB Brian Soto
|
0-0: Called Strike 0-1: Ball 1-1: Fly out, F8 (Flyball, 8LM)
|
Bottom of the 8th over - 3 run(s), 3 hit(s), 1 error(s), 0 left on base; Mancelona 1 - Hammond 7 |
TOP OF THE 9TH |
Mancelona Torch batting - Pitching for Hammond Herons : RHP Jorge Vázquez
|
Batting: RHB Freddy Carea
|
0-0: Foul Ball, location: 2F 0-1: Ball 1-1: Swinging Strike 1-2: Strikes out looking
|
Batting: RHB Juan Báez
|
0-0: Foul Ball, location: 2F 0-1: Ball 1-1: Fly out, F9 (Flyball, 89M)
|
Batting: RHB Jim Unknown
|
0-0: Called Strike 0-1: Ball 1-1: Ground out 1-3 (Groundball, 15)
|
Top of the 9th over - 0 run(s), 0 hit(s), 0 error(s), 0 left on base; Mancelona 1 - Hammond 7 |
|